 Dungeon Crawl Stone Soup version 0.21.1-1-g345015fe64 (webtiles) character file.

449 RaHiT the Sneak (level 6, -5/47 HPs)
             Began as a Vampire Assassin on Mar 5, 2018.
             Was a Follower of Uskayaw.
             Slain by a troll (13 damage)
             ... on level 4 of the Dungeon.
             The game lasted 00:20:29 (5143 turns).

RaHiT the Sneak (Vampire Assassin)                  Turns: 5143, Time: 00:20:30

Health: -5/47      AC:  5    Str: 10    XL:     6   Next: 74%
Magic:  7/7        EV: 14    Int: 13    God:    Uskayaw [*.....]
Gold:   225        SH:  0    Dex: 18    Spells: 5/5 levels left

rFire    + . .     SeeInvis +   a - +2 dagger
rCold    . . .     Gourm    .   (no shield)
rNeg     + + .     Faith    .   c - +0 robe
rPois    +         Spirit   .   (no helmet)
rElec    .         Reflect  .   d - +0 cloak
rCorr    +         Harm     .   (no gloves)
MR       .....                  j - +1 pair of boots
Stlth    +++++.....             s - amulet of inaccuracy (curse)
HPRegen  0.07/turn              l - ring of resist corrosion
MPRegen  0.10/turn              y - ring of fire

@: regenerating slowly
A: fangs 3, see invisible, unbreathing
a: Bat Form, Stomp, Renounce Religion


You were on level 4 of the Dungeon.
You worshipped Uskayaw.
Uskayaw was noncommittal.
You were thirsty.

You visited 1 branch of the dungeon, and saw 4 of its levels.

You collected 225 gold pieces.

Inventory:

Hand Weapons
 a - a +2 dagger (weapon)
 b - a +0 blowgun
 m - a +2 quarterstaff of chaos
 p - a +1 dagger of venom
 q - a +2 hand axe of draining
Missiles
 e - 6 poisoned needles
 A - 4 tomahawks (quivered)
Armour
 c - a +0 robe (worn)
 d - a +0 cloak (worn)
 j - a +1 pair of boots (worn)
 n - a +0 chain mail of cold resistance
Jewellery
 i - an uncursed ring of magical power
 l - a ring of resist corrosion (left hand)
 s - a cursed amulet of inaccuracy (around neck)
 y - a ring of fire (right hand)
Wands
 v - a wand of polymorph (9)
 x - a wand of disintegration (10)
Scrolls
 h - 2 scrolls of teleportation
 k - a scroll of noise
 o - a scroll of identify
 w - a scroll of amnesia {unknown}
Potions
 g - 16 potions of blood
 r - 3 potions of cancellation {unknown}
 t - 2 potions of heal wounds {unknown}
 u - a potion of agility {unknown}
 z - a potion of might {unknown}


   Skills:
 - Level 3.0 Fighting
 + Level 3.1 Short Blades
 - Level 3.0 Throwing
 * Level 2.1 Armour
 * Level 3.3 Dodging
 + Level 6.8 Stealth
 * Level 1.4 Invocations
 * Level 0.7 Evocations


You had 5 spell levels left.
You didn't know any spells.

Dungeon Overview and Level Annotations

Branches:
Dungeon (4/15)
 Temple: D:4-7

Altars:
Uskayaw
Wu Jian

Annotations:
D:3 coier's ghost, amateur GnWn


Innate Abilities, Weirdness & Mutations

You heal slowly.
You have razor-sharp teeth.
You have supernaturally acute eyesight. (SInv)
You can survive without breathing.


Message History

The troll is heavily wounded.
a - a +2 dagger (weapon)
You hit the troll.
The troll is heavily wounded.
The troll barely misses you. The troll closely misses you. x2
You hit the troll.
The troll is severely wounded.
The troll bites you. The troll claws you! The troll barely misses you.
You barely miss the troll.
The troll is severely wounded.
The troll bites you but does no damage. The troll misses you.
The troll claws you!
You hit the troll.
The troll is severely wounded.
You hit the troll.
The troll is almost dead.
The troll closely misses you. The troll claws you!
* * * LOW HITPOINT WARNING * * *
The troll claws you!
You die...

## ######## .# ##......## .#
###### ##........##
.#####....### #..........#
.......##...#######..........#
.........((((.(T@##......%...#
.############.##.............#
...# #................####
...#### #######.........<.....
....... ...........)..........
....... ......................
.####..#
..................#.## .# ###
###P.####............. .# ###
#.............


You could see a troll.

Vanquished Creatures
  An ogre (D:4)
  A scorpion (D:4)
  2 hounds (D:4)
  2 orc wizards (D:4)
  Crazy Yiuf (D:2)
  A worker ant (D:2)
  4 adders
  3 oozes
  2 worms
  A leopard gecko (D:2)
  15 orcs
  A ball python (D:1)
  3 giant cockroaches
  6 goblins
  9 hobgoblins
  6 jackals
  12 kobolds
  A quokka (D:2)
  4 bats
  3 frilled lizards
  9 rats
87 creatures vanquished.

Notes
Turn   | Place    | Note
-------+----------+-------------------------------------------
     0 | D:1      | RaHiT the Vampire Assassin began the quest for the Orb.
     0 | D:1      | Reached XP level 1. HP: 16/16 MP: 1/1
   341 | D:1      | Reached XP level 2. HP: 13/22 MP: 2/2
   717 | D:1      | Reached skill level 6 in Stealth
   840 | D:1      | Reached XP level 3. HP: 27/27 MP: 3/3
   987 | D:2      | Reached skill level 1 in Armour
  1289 | D:2      | Found a runed door.
  1294 | D:2      | Noticed Crazy Yiuf
  1332 | D:2      | Killed Crazy Yiuf
  1332 | D:2      | Reached XP level 4. HP: 8/34 MP: 4/4
  1670 | D:2      | Noticed a hand axe
  1671 | D:2      | Found a hide-covered altar of Uskayaw.
  1671 | D:2      | Noticed a hand axe
  1681 | D:2      | Became a worshipper of Uskayaw the Reveler
  1727 | D:2      | Reached * piety under Uskayaw
  2108 | D:2      | Found an ornate altar of the Wu Jian Council.
  2465 | D:2      | Reached ** piety under Uskayaw
  2496 | D:3      | Reached *** piety under Uskayaw
  2504 | D:3      | Reached **** piety under Uskayaw
  2514 | D:3      | Reached XP level 5. HP: 37/39 MP: 5/5
  2514 | D:3      | Reached ***** piety under Uskayaw
  2557 | D:3      | Found a faded altar of an unknown god.
  2697 | D:3      | Noticed coier's ghost (amateur GnWn)
  4347 | D:4      | Noticed an ogre
  4380 | D:4      | Killed an ogre
  4415 | D:4      | Reached skill level 1 in Invocations
  4415 | D:4      | Reached XP level 6. HP: 9/46 MP: 6/6
  5077 | D:4      | Noticed a troll
  5143 | D:4      | Slain by a troll

Skill      XL: |  1  2  3  4  5  6 |
---------------+-------------------+-----
Fighting       | 2 3 |  3.0
Stealth        | 6 |  6.8
Throwing       | 2 3 |  3.0
Armour         | 1 2 |  2.1
Dodging        | 2 3 |  3.3
Invocations    | 1 |  1.4
Short Blades   | 3 |  3.1
Evocations     | |  0.7

Action                   |  1- 3 |  4- 6 || total
-------------------------+-------+-------++-------
Melee: Dagger            |    79 |   210 ||   289
       Bite              |     5 |    23 ||    28
       Quarterstaff      |       |    24 ||    24
       Unarmed           |       |     1 ||     1
 Fire: Blowgun           |    11 |    69 ||    80
Throw: Stone             |     8 |       ||     8
       Tomahawk          |       |    12 ||    12
 Abil: End Transformatio |       |     3 ||     3
       Bat Form          |       |     3 ||     3
  Use: Potion            |     1 |    11 ||    12
       Scroll            |       |     2 ||     2
 Stab: Sleeping          |    10 |     4 ||    14
       Paralysed         |       |     2 ||     2
Armor: Robe              |    19 |    49 ||    68
Dodge: Dodged            |    47 |   154 ||   201
